 Dungeon Sprint DCSS version 0.30-a0-223-gcb0039aa0c (webtiles) character file.

Game seed: 2770527456264921337

22564 mhtbhm the Shatterer (level 12, 0/198 HPs)
             Began as an Armataur Berserker on Oct 10, 2022.
             Was the Champion of Trog.
             Slain by a deep troll earth mage simulacrum (2 damage)
             ... in the Dungeon (Sprint IX: "|||||||||||||||||||||||||||||").
             The game lasted 00:04:37 (2062 turns).

mhtbhm the Shatterer (Armataur Berserker)           Turns: 2062, Time: 00:04:37

Health: 0/198      AC: 18    Str: 30    XL:     12   Next: 64%
Magic:  12/12      EV: 15    Int:  9    God:    Trog [******]
Gold:   670        SH:  0    Dex: 10    Spells: 11/11 levels left

rFire   . . .      SeeInvis +    a - +3 great mace (vorpal)
rCold   + + +      Faith    .    (shield currently unavailable)
rNeg    . . .      Spirit   .    t - +0 ring mail of Ijes {-Cast rElec rPois rC+++}
rPois   +          Reflect  .    r - +2 helmet {SInv}
rElec   +          Harm     .    l - +0 cloak
rCorr   .          Roll     +    k - +3 pair of gloves of Femeozxe {Str+4}
Will    .....      NoTele   +    (no barding)
Stlth   .......... NoCast   +    (no amulet)
HPRegen 0.53/turn                m - +2 ring of evasion
MPRegen 0.13/turn                n - +2 ring of evasion

@: berserking, very quick
A: large, rugged brown scales 3, deformed body, armoured tail, roll, long
tongue, awkward tongue
a: Renounce Religion, Berserk, Trog's Hand, Brothers in Arms


You were in the Dungeon.
You worshipped Trog.
Trog was exalted by your worship.
You visited 1 branch You collected 1937 gold pieces.
You spent 1267 gold pieces at shops.

Inventory:

Hand Weapons
 a - a +3 vorpal great mace (weapon)
Armour
 b - a +1 chain mail
 k - the +3 pair of gloves of Femeozxe (worn) {Str+4}
   (You bought it in a shop in the Dungeon)

   Str:       It affects your strength (+4).
 l - a +0 cloak (worn)
 q - a +0 pair of gloves
 r - a +2 helmet of see invisible (worn)
 t - the +0 ring mail of Ijes (worn) {-Cast rElec rPois rC+++}
   (You bought it in a shop in the Dungeon)

   rC:        It renders you almost immune to cold.
   rElec:     It insulates you from electricity.
   rPois:     It protects you from poison.
   -Cast:     It prevents spellcasting.
 x - the +5 plate armour of Monotheism {rN+}
   (You found it in the Dungeon)

   rN:        It protects you from negative energy.
Jewellery
 m - a +2 ring of evasion (left hand)
 n - a +2 ring of evasion (right hand)
 s - a +6 ring of strength
 u - a ring of willpower
 v - a ring of protection from fire
 w - a ring of see invisible
Wands
 j - a wand of quicksilver (2)
Scrolls
 h - 4 scrolls of blinking
 o - 3 scrolls of fog
 p - 2 scrolls of fear
 y - 2 scrolls of enchant weapon
 A - 2 scrolls of enchant armour
Potions
 c - 9 potions of curing
 d - 7 potions of heal wounds
 e - 3 potions of haste
 f - 4 potions of magic
 g - 3 potions of berserk rage
 i - a potion of invisibility
 z - a potion of mutation


   Skills:
 + Level 16.9 Fighting
 + Level 21.0 Maces & Flails
 + Level 14.7 Armour
 + Level 7.4 Dodging
 + Level 4.5 Stealth
 + Level 4.1 Evocations


You had 11 spell levels left.
You didn't know any spells.
Your spell library was empty.

Dungeon Overview and Level Annotations

Branches:
Dungeon (1/1)

Altars:
Cheibriados
Dithmenos
Elyvilon
Fedhas
Gozag
Hepliaklqana
Kikubaaqudgha
Makhleb
Nemelex Xobeh
Okawaru
Qazlal
Ru
Sif Muna
Trog
Uskayaw
Vehumet
Wu Jian
Xom
Yredelemnul
Zin
The Shining One
Jiyva
Lugonu

Shops:
D ([[(


Innate Abilities, Weirdness & Mutations

You are completely covered in rugged brown scales. (AC +3, +7% HP)
Armour fits poorly on your strangely shaped body.
You have a long armoured tail.
You roll when moving toward enemies. (Rampage)
Your long tongue fully drains potion bottles. (2x potion effects)
Your tongue gives you trouble enunciating. (1.5x scroll delay)


Message History

You bludgeon the fire dragon!!
You kill the fire dragon!
Trog accepts your kill. Trog grants you a weapon!
Something appears at your feet!
You see here a +3 antimagic great sword.
The fire dragon scales are intact enough to wear.
The ice dragon breathes frost at you. The blast of cold hits you. You resist.
* * * LOW HITPOINT WARNING * * *
The blast of cold hits the deep troll earth mage simulacrum.
The deep troll earth mage simulacrum completely resists.
The vampire mage gestures wildly while chanting.
The vampire mage flickers and vanishes for a moment.
Your Maces & Flails skill increases to level 21!
You roll towards the ice dragon!
You barely miss the ice dragon.
Unknown command.
You bludgeon the ice dragon!!
The ice dragon is moderately wounded.
You barely miss the ice dragon.
The ice dragon is moderately wounded.
The ice dragon bites you.
* * * LOW HITPOINT WARNING * * *
The ice dragon claws you.
* * * LOW HITPOINT WARNING * * *
The ice dragon tramples you but does no damage.
You sock the ice dragon!
The ice dragon is heavily wounded.
Unknown command.
You sock the deep troll earth mage simulacrum!
The deep troll earth mage simulacrum is heavily damaged.
The ice dragon bites you but does no damage.
The ice dragon claws you.
* * * LOW HITPOINT WARNING * * *
The ice dragon tramples you.
* * * LOW HITPOINT WARNING * * *
You hold your ground!
The deep troll earth mage simulacrum bites you but does no damage.
The deep troll earth mage simulacrum claws you.
You die...

▓.▓.▓[▓.▓.▓.▓
▓.▓.▓.▓.▓.▓.▓.▓
▓.▓.▓.▓.▓)▓.▓.▓
▓.▓.▓'▓.▓)▓.▓V▓
▓.▓.▓.▓.▓)▓.▓z▓
▓.▓.▓[▓.▓∩▓.▓V▓
▓)▓.▓)▓.▓)▓.▓C▓
▓.▓.▓.▓.▓∩▓.▓D▓
▓.▓.▓.▓.▓.▓.▓@▓
▓[▓.▓.▓.▓∩▓.▓Z▓
▓.▓.▓.▓.▓.▓.▓)▓
▓.▓.▓.▓.▓∩▓.▓)▓
▓.▓.▓.▓.▓.▓.▓)▓
▓)▓.▓†▓.▓)▓.▓)▓
▓?▓.▓.▓.▓)▓.▓)▓
▓.▓.▓†▓.▓)▓.▓†▓
▓'▓.▓†▓.▓)▓.▓)▓


You could see a fire giant (soul bound), an ice dragon (soul bound, catching
breath), a jiangshi (summoned), a vampire mage (invisible), a flying skull
(summoned) and a deep troll earth mage simulacrum.

Vanquished Creatures
  A broodmother (shapeshifter) (D)
  A fire dragon (D)
  A rakshasa (D)
  A hydra (D)
  2 two-headed ogres (D)
  2 centaur warriors (D)
  A boulder beetle (D)
  2 catoblepae (D)
  A tengu warrior (D)
  A deep troll earth mage (D)
  5 death yaks (D)
  5 orc knights (D)
  A necromancer (D)
  An ugly thing (D)
  An orc sorcerer (D)
  3 manticores (D)
  A cyclops (D)
  A slime creature (D)
  A black mamba (D)
  4 cane toads (D)
  Joseph (D)
  An efreet (D)
  4 komodo dragons (D)
  A hornet (D)
  A polar bear (D)
  A shadow (D)
  A basilisk (D)
  3 water moccasins (D)
  18 orc warriors (D)
  A black bear (D)
  A wolf (D)
  A phantom (D)
  A scorpion (D)
  A killer bee (D)
  A hound (D)
  2 orc priests (D)
  5 orc wizards (D)
  A hell rat (D)
  An adder (D)
  A dart slug (D)
  9 orcs (D)
  A bat (D)
  A hobgoblin (D)
  A quokka (D)
  A kobold (D)
  A rat (D)
97 creatures vanquished.

Vanquished Creatures (others)
  A catoblepas (D)
1 creature vanquished.

Grand Total: 98 creatures vanquished

Notes
Turn   | Place    | Note
-------+----------+-------------------------------------------
     0 | D        | mhtbhm the Armataur Berserker began the quest for the Orb.
     0 | D        | Reached XP level 1. HP: 19/19 MP: 1/1
     6 | D        | Reached skill level 3 in Maces & Flails
    11 | D        | Reached ** piety under Trog
    47 | D        | Noticed a phantom
    47 | D        | Noticed a hound
    47 | D        | Noticed a scorpion
    57 | D        | Reached XP level 2. HP: 26/27 MP: 2/2
    62 | D        | Reached skill level 4 in Maces & Flails
    64 | D        | Killed a scorpion
    64 | D        | Reached *** piety under Trog
    65 | D        | Reached skill level 5 in Fighting
    65 | D        | Reached skill level 5 in Maces & Flails
    65 | D        | Reached XP level 3. HP: 21/38 MP: 3/3
    65 | D        | Reached XP level 4. HP: 25/44 MP: 4/4
    70 | D        | Reached skill level 6 in Maces & Flails
    70 | D        | Killed a phantom
    71 | D        | Reached skill level 7 in Maces & Flails
    71 | D        | Reached XP level 5. HP: 11/54 MP: 5/5
   240 | D        | Found a snail-covered altar of Cheibriados.
   240 | D        | Found a shadowy altar of Dithmenos.
   240 | D        | Found a white marble altar of Elyvilon.
   240 | D        | Found a blossoming altar of Fedhas.
   240 | D        | Found an opulent altar of Gozag.
   241 | D        | Found a hazy altar of Hepliaklqana.
   242 | D        | Found a viscous altar of Jiyva.
   243 | D        | Found an ancient bone altar of Kikubaaqudgha.
   244 | D        | Found a corrupted altar of Lugonu.
   245 | D        | Found a burning altar of Makhleb.
   246 | D        | Found a sparkling altar of Nemelex Xobeh.
   247 | D        | Found an iron altar of Okawaru.
   248 | D        | Found a stormy altar of Qazlal.
   249 | D        | Found a sacrificial altar of Ru.
   250 | D        | Found a shimmering blue altar of Sif Muna.
   251 | D        | Found a bloodstained altar of Trog.
   252 | D        | Found a hide-covered altar of Uskayaw.
   253 | D        | Found a radiant altar of Vehumet.
   254 | D        | Found an ornate altar of the Wu Jian Council.
   255 | D        | Found a shimmering altar of Xom.
   256 | D        | Found a basalt altar of Yredelemnul.
   257 | D        | Found a glowing silver altar of Zin.
   258 | D        | Found a glowing golden altar of the Shining One.
   313 | D        | Noticed a shadow
   313 | D        | Noticed a hornet
   313 | D        | Noticed a two-headed ogre
   313 | D        | Noticed an orc warrior
   317 | D        | Killed an orc warrior
   317 | D        | Reached **** piety under Trog
   318 | D        | Reached skill level 8 in Maces & Flails
   318 | D        | Reached skill level 5 in Armour
   318 | D        | Reached XP level 6. HP: 64/64 MP: 6/6
   322 | D        | Killed a two-headed ogre
   323 | D        | Reached skill level 11 in Maces & Flails
   323 | D        | Reached XP level 7. HP: 74/74 MP: 7/7
   329 | D        | Killed a hornet
   330 | D        | Reached XP level 8. HP: 84/84 MP: 8/8
   333 | D        | Reached ***** piety under Trog
   334 | D        | Reached skill level 10 in Fighting
   334 | D        | Reached skill level 12 in Maces & Flails
   492 | D        | Noticed a two-headed ogre
   492 | D        | Noticed a boulder beetle
   492 | D        | Noticed a slime creature
   492 | D        | Noticed a slime creature
   492 | D        | Noticed a manticore
   492 | D        | Noticed a jumping spider
   495 | D        | a jumping spider changed into a lindwurm
   495 | D        | Noticed a lindwurm (shapeshifter)
   497 | D        | a lindwurm changed into a broodmother
   497 | D        | Noticed a broodmother (shapeshifter)
   498 | D        | Killed a manticore
   499 | D        | Reached skill level 5 in Dodging
   510 | D        | Noticed a culicivora
   510 | D        | Noticed a culicivora
   511 | D        | Killed a broodmother
   512 | D        | Reached skill level 13 in Maces & Flails
   512 | D        | Reached XP level 9. HP: 36/95 MP: 9/9
   712 | D        | Killed a large slime creature
   713 | D        | Reached skill level 14 in Maces & Flails
   717 | D        | Killed a two-headed ogre
   723 | D        | Killed a boulder beetle
   724 | D        | Reached skill level 15 in Maces & Flails
   724 | D        | Reached XP level 10. HP: 105/105 MP: 10/10
   882 | D        | Received a gift from Trog
   883 | D        | Noticed a cane toad
   898 | D        | Noticed a black mamba
   908 | D        | Reached skill level 1 in Stealth
   910 | D        | Killed a cane toad
   911 | D        | Reached skill level 16 in Maces & Flails
   911 | D        | Reached skill level 10 in Armour
   916 | D        | Killed a black mamba
   997 | D        | Noticed a six-headed hydra
   997 | D        | Noticed a cane toad
   997 | D        | Noticed a cane toad
  1002 | D        | Killed a cane toad
  1006 | D        | Killed a cane toad
  1006 | D        | Received a gift from Trog
  1008 | D        | Noticed a cane toad
  1009 | D        | Reached ****** piety under Trog
  1015 | D        | Killed a six-headed hydra
  1016 | D        | Reached skill level 17 in Maces & Flails
  1021 | D        | Killed a cane toad
  1021 | D        | Received a gift from Trog
  1022 | D        | Reached XP level 11. HP: 104/117 MP: 11/11
  1149 | D        | Noticed a death yak
  1149 | D        | Noticed a catoblepas
  1149 | D        | Noticed a death yak
  1149 | D        | Noticed a death yak
  1149 | D        | Noticed a catoblepas
  1149 | D        | Noticed a catoblepas
  1153 | D        | Noticed a death yak
  1156 | D        | Killed a catoblepas
  1157 | D        | Killed a catoblepas
  1157 | D        | Killed a death yak
  1157 | D        | Killed a catoblepas
  1157 | D        | Noticed a death yak
  1171 | D        | Killed a death yak
  1172 | D        | Reached skill level 18 in Maces & Flails
  1174 | D        | Killed a death yak
  1175 | D        | Reached skill level 15 in Fighting
  1177 | D        | Killed a death yak
  1180 | D        | Killed a death yak
  1405 | D        | Received a gift from Trog
  1425 | D        | Received a gift from Trog
  1484 | D        | Noticed an orc sorcerer
  1495 | D        | Killed an orc sorcerer
  1496 | D        | Received a gift from Trog
  1509 | D        | Received a gift from Trog
  1562 | D        | Found Houwiv's Antique Weapon Boutique.
  1562 | D        | Noticed an orc knight
  1562 | D        | Noticed an orc knight
  1570 | D        | Killed an orc knight
  1571 | D        | Found Vopsoneq's Armour Shop.
  1573 | D        | Killed an orc knight
  1579 | D        | Reached skill level 19 in Maces & Flails
  1579 | D        | Found Ileow's Antique Armour Boutique.
  1579 | D        | Received a gift from Trog
  1643 | D        | Found Tukeorchumy's Weapon Shop.
  1645 | D        | Noticed an orc knight
  1646 | D        | Noticed an orc knight
  1647 | D        | Noticed an orc knight
  1651 | D        | Killed an orc knight
  1652 | D        | Reached XP level 12. HP: 130/130 MP: 12/12
  1736 | D        | Bought a shiny helmet for 217 gold pieces
  1749 | D        | Bought the +3 pair of gloves of Femeozxe {Str+4} for 488
                  | gold pieces
  1753 | D        | Bought a +2 pair of gloves of strength for 301 gold pieces
  1755 | D        | Bought a masterwork ring mail for 261 gold pieces
  1755 | D        | Identified the +0 ring mail of Ijes {-Cast rElec rPois
                  | rC+++} (You bought it in a shop in the Dungeon)
  1839 | D        | Noticed Joseph
  1842 | D        | Killed Joseph
  1928 | D        | Got the +5 plate armour of Monotheism {rN+}
  1965 | D        | Noticed a rakshasa
  1965 | D        | Noticed a centaur warrior
  1968 | D        | Received a gift from Trog
  1971 | D        | Noticed a centaur warrior
  2016 | D        | Noticed a tengu warrior
  2018 | D        | Killed a centaur warrior
  2019 | D        | Reached skill level 20 in Maces & Flails
  2027 | D        | Killed a rakshasa
  2028 | D        | Noticed a deep troll earth mage
  2030 | D        | Noticed a fire dragon
  2031 | D        | Received a gift from Trog
  2034 | D        | Killed a centaur warrior
  2035 | D        | Noticed an ice dragon
  2037 | D        | Noticed a fire giant
  2041 | D        | Noticed a vampire mage
  2043 | D        | Killed a tengu warrior
  2051 | D        | Noticed a jiangshi
  2054 | D        | Killed a deep troll earth mage
  2057 | D        | Killed a fire dragon
  2057 | D        | Received a gift from Trog
  2058 | D        | Reached skill level 21 in Maces & Flails
  2060 | D        | HP: 8/198 [ice dragon (4)]
  2062 | D        | HP: 2/198 [ice dragon (6)]
  2062 | D        | Slain by a deep troll earth mage simulacrum

Illustrated notes

Levels and vault maps discovered:
D:        linesprint [early_d, line_temple, items_1, d_10, items_2, lair_1,
          lair_end, items_3, orc_1, orc_end, items_4, d_15, swamp_1, shoals_1,
          snake_1, spider_1, d_20, vaults_1, items_5, swamp_end, shoals_end,
          snake_end, spider_end, vaults_end, d_27, items_6, zot_1, zot_end,
          crypt_end, forest_end, elf_end, slime_end, tomb_end, abyss_end,
          pan_hell_end]

Skill      XL: |  1  2  3  4  5  6  7  8  9 10 11 12 |
---------------+-------------------------------------+-----
Fighting       | 3 5 6 7 9 11 12 14 15 16 | 16.9
Maces & Flails | 3 5 7 8 11 13 15 17 19 21 | 21.0
Armour         | 3 4 5 6 7 8 9 11 13 14 | 14.7
Dodging        | 2 3 4 5 6 7 |  7.4
Stealth        | 1 4 |  4.5
Evocations     | 4 |  4.1

Action                   |  1- 3 |  4- 6 |  7- 9 | 10-12 || total
-------------------------+-------+-------+-------+-------++-------
Melee: Mace              |    27 |     6 |       |       ||    33
       Tailslap          |     2 |     3 |     5 |    30 ||    40
       Morningstar       |       |     8 |    44 |    59 ||   111
       Punch             |       |       |     1 |     3 ||     4
       Great mace        |       |       |       |   168 ||   168
Invok: Berserk           |     2 |     1 |     2 |     8 ||    13
Evoke: Wand              |       |       |       |     8 ||     8
 Stab: Petrified         |       |       |       |     2 ||     2
Armor: Animal skin       |     6 |     1 |       |       ||     7
       Chain mail        |       |     1 |     7 |    24 ||    32
       Ring mail         |       |       |       |    24 ||    24
Dodge: Dodged            |     8 |     6 |    11 |    59 ||    84

Table legend: (Time is in decaauts)
 A = Elapsed time spent in this place.
 B = Non-inter-level travel time spent in this place.
 C = Inter-level travel time spent in this place.
 D = Time resting spent in this place.
 E = Time spent auto-exploring this place.
 F = Levels seen in this place.
 G = Mean time per level.
                   A        B        C        D        E       F      G
               +--------+--------+--------+--------+--------+-----+--------+
         Total |   2043 |   2043 |      0 |    900 |    444 |   1 | 2043.0 |
       Dungeon |   2043 |   2043 |      0 |    900 |    444 |   1 | 2043.0 |
               +--------+--------+--------+--------+--------+-----+--------+

Top non-repeatable levels by time:
       D: 2043 daAuts
